 Dungeon Crawl Stone Soup version 0.23-a0-54-gae6112e (webtiles) character file.

6304 Amnesiac the Destroyer (level 10, -5/63 HPs)
             Began as a Mummy Air Elementalist on Aug 8, 2018.
             Was an Elder of Sif Muna.
             Slain by a yak (9 damage)
             ... on level 10 of the Dungeon.
             The game lasted 00:21:09 (10913 turns).

Amnesiac the Destroyer (Mummy Air Elementalist)    Turns: 10913, Time: 00:21:10

Health: -5/63      AC:  6    Str: 11    XL:     10   Next: 63%
Magic:  0/22       EV: 10    Int: 18    God:    Sif Muna [****..]
Gold:   138        SH:  5    Dex: 13    Spells: 10/26 levels left

rFire    + . .     SeeInvis .   a - +2 rapier "Fuoggube" {flame, rF+ rN+ Stlth+}
rCold    + . .     Gourm    .   r - +0 buckler
rNeg     + + +     Faith    .   t - +0 ring mail {rF+}
rPois    ∞         Spirit   .   (no helmet)
rElec    .         Reflect  .   (no cloak)
rCorr    .         Harm     .   (no gloves)
MR       ++...                  n - +0 pair of boots
Stlth    ++........             (no amulet)
HPRegen  0.20/turn              k - ring of wizardry
MPRegen  0.18/turn              j - ring of protection from magic

@: divine energy
A: no food or potions, fire vulnerability, cold resistance 1, negative energy
resistance 3, torment resistance, unbreathing
a: Stop Divine Energy, Channel Magic, Forget Spell, Renounce Religion


You were on level 10 of the Dungeon.
You worshipped Sif Muna.
Sif Muna was greatly pleased with you.
You were not hungry.

You visited 1 branch of the dungeon, and saw 10 of its levels.
You also visited: Sewer.

You collected 422 gold pieces.
You spent 284 gold pieces at shops.

Inventory:

Hand Weapons
 a - the +2 rapier "Fuoggube" (weapon) {flame, rF+ rN+ Stlth+}
   (You found it on level 4 of the Dungeon)

   It has been specially enchanted to burn those struck by it, causing extra
   injury to most foes and up to half again as much damage against particularly
   susceptible opponents.
   It protects you from fire.
   It protects you from negative energy.
   It makes you more stealthy.
 b - the +8 dagger "Okhlewno" {venom, Dex+2}
   (You found it on level 4 of the Dungeon)

   It poisons the flesh of those it strikes.
   It affects your dexterity (+2).
Missiles
 g - 141 sling bullets
 i - 324 stones (quivered)
Armour
 n - a +0 pair of boots (worn)
 r - a +0 buckler (worn)
 t - a +0 ring mail of fire resistance (worn)
Jewellery
 j - a ring of protection from magic (right hand)
 k - a ring of wizardry (left hand)
Wands
 f - a wand of scattershot (3)
 m - a wand of random effects (59)
Scrolls
 c - a scroll of torment {!r}
 e - 4 scrolls of enchant armour {!r}
 l - 4 scrolls of amnesia {!r}
 q - 4 scrolls of identify {!r}


   Skills:
 - Level 1.5 Dodging
 - Level 1.5 Stealth
 + Level 3.4 Shields
 + Level 8.5 Spellcasting
 * Level 8.6 Conjurations
 * Level 8.6 Air Magic


You had 10 spell levels left.
You knew the following spells:

 Your Spells              Type           Power        Failure   Level  Hunger
a - Airstrike             Air            #####.....   2%          4    N/A
b - Lightning Bolt        Conj/Air       #####.....   8%          5    N/A
c - Poisonous Vapours     Pois/Air       ###...       2%          2    N/A
e - Mephitic Cloud        Conj/Pois/Air  ####....     2%          3    N/A
z - Swiftness             Chrm/Air       ###.....     2%          2    N/A

Your spell library contained the following spells:

 Spells                   Type           Power        Failure   Level  Hunger
 Venom Bolt               Conj/Pois      ###.......   41%         5    N/A
 Olgreb's Toxic Radiance  Pois           #.......     65%         4    N/A
 Sting                    Conj/Pois      ###.         1%          1    N/A
 Shock                    Conj/Air       ####         1%          1    N/A
 Static Discharge         Conj/Air       #####...     1%          3    N/A
 Sandblast                Erth           #.....       10%         1    N/A

Dungeon Overview and Level Annotations

Branches:
Dungeon (10/15)            Temple (0/1) D:6
   Lair: D:8-11         Orc: D:9-12

Altars:
Ashenzari
Dithmenos
Fedhas
Hepliaklqana
Makhleb
Nemelex Xobeh
Ru
Sif Muna
Trog
Uskayaw
Vehumet
Xom

Shops:
D:6 *   D:8 *


Innate Abilities, Weirdness & Mutations

You do not eat or drink.
Your flesh is vulnerable to fire.
You are immune to poison.
Your flesh is cold resistant. (rC+)
You are immune to negative energy. (rN+++)
You are immune to unholy pain and torment.
You can survive without breathing.


Message History

Casting: Airstrike (safe; 3% risk of failure)
Confirm with . or Enter, or press ? or * to list all spells.
Aiming: Airstrike (safe; 3% risk of failure)
Press: ? - help, Dir - move target cursor, f/p - hornet
Aim: a hornet (lightly wounded)
The air twists around and violently strikes the hornet!
The hornet is heavily wounded.
Sif Muna grants you divine energy.
You briefly lose access to your magic!
The hornet stings you.
* * * LOW HITPOINT WARNING * * *
The hornet stings you but does no damage.
The hound bites you.
* * * LOW HITPOINT WARNING * * *
Really read
h - 2 scrolls of teleportation {!r}?
As you read the scroll of teleportation {!r}, it crumbles to dust.
You feel strangely unstable.
The hornet stings you but does no damage.
The hound bites you.
* * * LOW HITPOINT WARNING * * *
The hornet stings you!
* * * LOW HITPOINT WARNING * * *
You regain access to your magic.
The hound closely misses you.
Casting: Airstrike (safe; 3% risk of failure)
Confirm with . or Enter, or press ? or * to list all spells.
Aiming: Airstrike (safe; 3% risk of failure)
Press: ? - help, Dir - move target cursor, f/p - hornet
Aim: a hornet (heavily wounded)
The air twists around and violently strikes the hornet!
The hornet is almost dead.
Sif Muna grants you divine energy.
You briefly lose access to your magic!
The hound barely misses you. The hornet stings you.
* * * LOW HITPOINT WARNING * * *
The hound barely misses you.
Your surroundings suddenly seem different.
A bullfrog zombie comes into view.
A crimson imp comes into view.
Found three items. 3 yaks come into view.
Evoke which item? (* to show all) (? for menu, Esc to quit)
Okay, then.
Really read
h - a scroll of teleportation {!r}?
As you read the scroll of teleportation {!r}, it crumbles to dust.
You feel strangely unstable.
The yak bellows!
The yak bellows!
The crimson imp shouts!
The yak bellows!
Your surroundings suddenly seem different.
You regain access to your magic.
Okay, then.
Casting: Airstrike (safe; 3% risk of failure)
Confirm with . or Enter, or press ? or * to list all spells.
Aiming: Airstrike (safe; 3% risk of failure)
Press: ? - help, Dir - move target cursor, f/p - hornet
Aim: a hornet (almost dead)
The air twists around and violently strikes the hornet!
You kill the hornet!
Sif Muna accepts your kill.
The hound barks!
The kobold shouts!
Sif Muna grants you divine energy.
You briefly lose access to your magic!
The big kobold hits you but does no damage.
You regain access to your magic.
The yak gores you!
You die...

######## ###......###
##@hKY.Y....##
#..Y.Y.......#
##...KK......##
#...Y.Y......# ###
#...........## ##..
#...........#####...
#..........###...... Y#
###....).....Kg.....
..########.........#......


You could see 6 yaks, a big kobold, a hound and 2 kobolds.

Vanquished Creatures
  A moth of wrath (D:9)
  2 hornets (D:10)
  Grinder (D:3)
  3 hippogriffs
  4 yaks (D:10)
  Sigmund (D:3)
  A wyvern (D:9)
  An orc warrior (D:9)
  3 black bears
  2 ice beasts
  7 ogres
  A phantom (D:5)
  The ghost of biddum the Shield-Bearer, an amateur GrFi of Okawaru (D:3)
  5 bullfrogs
  A gnoll sergeant (D:10)
  2 scorpions
  11 killer bees
  3 howler monkeys (D:8)
  2 crimson imps
  A quasit (D:9)
  7 hounds
  5 orc priests
  Terence (D:2)
  2 bullfrog skeletons
  A centaur skeleton (D:7)
  3 worker ants
  11 orc wizards
  Natasha (thrice) (D:2)
  3 iguanas
  A hound skeleton (D:8)
  2 worker ant zombies
  A mummy (D:3)
  13 adders
  10 gnolls
  2 oozes
  An adder zombie (D:5)
  3 worms
  3 dart slugs
  13 leopard geckos
  32 orcs
  15 giant cockroaches
  12 goblins
  7 hobgoblins
  15 jackals
  8 kobolds
  4 ball pythons
  7 bats
  7 frilled lizards
  A jackal zombie (D:2)
  A quokka zombie (D:9)
  9 rats
256 creatures vanquished.

Notes
Turn   | Place    | Note
-------+----------+-------------------------------------------
     0 | D:1      | Amnesiac the Mummy Air Elementalist began the quest for the Orb.
     0 | D:1      | Reached XP level 1. HP: 13/13 MP: 4/4
   339 | D:1      | Reached XP level 2. HP: 18/19 MP: 0/5
   855 | D:2      | Found a hide-covered altar of Uskayaw.
   873 | D:3      | Noticed Grinder
   897 | D:3      | Paralysed by Grinder for 3 turns
   927 | D:3      | Paralysed by Grinder for 4 turns
   937 | D:3      | Paralysed by Grinder for 2 turns
   968 | D:3      | Killed Grinder
   968 | D:3      | Reached XP level 3. HP: 16/24 MP: 0/7
   968 | D:3      | Reached XP level 4. HP: 20/30 MP: 0/8
   968 | D:3      | Reached XP level 5. HP: 24/35 MP: 0/9
   974 | D:3      | Learned a level 4 spell: Airstrike
  1026 | D:3      | Found a blossoming altar of Fedhas.
  1128 | D:3      | Found a transporter.
  1130 | D:3      | Noticed biddum's ghost (amateur GrFi)
  1133 | D:3      | Found a transporter.
  1296 | D:3      | Noticed an ice beast
  1315 | D:3      | Killed an ice beast
  1315 | D:3      | Reached XP level 6. HP: 20/41 MP: 2/11
  1322 | D:3      | Learned a level 5 spell: Lightning Bolt
  1325 | D:3      | Learned a level 2 spell: Swiftness
  1453 | D:3      | Found a shimmering altar of Xom.
  1532 | D:3      | Found a glowing drain.
  1536 | Sewer    | Entered a sewer
  2096 | Sewer    | Got a transparent leather armour
  2554 | Sewer    | Identified the +1 leather armour "Riammy" {rF- Regen+ Str+4} (You found it in a sewer)
  2977 | D:4      | Found a shadowy altar of Dithmenos.
  2977 | D:4      | Found a hazy altar of Hepliaklqana.
  3113 | D:4      | Reached XP level 7. HP: 46/46 MP: 7/13
  3216 | D:4      | Found a deep blue altar of Sif Muna.
  3225 | D:4      | Became a worshipper of Sif Muna the Loreminder
  3253 | D:4      | Identified Sif Muna's Volume of Stones
  3259 | D:5      | Entered Level 5 of the Dungeon
  3334 | D:4      | You fall through a shaft for 2 floors!
  3335 | D:6      | Found a staircase to the Ecumenical Temple.
  3554 | D:6      | Found Cuow's Assorted Antiques.
  3562 | D:6      | Bought a scroll labeled ARADUI KEIT for 26 gold pieces
  3562 | D:6      | Bought a scroll labeled LATA ZUXAORAF for 26 gold pieces
  3562 | D:6      | Bought a scroll labeled LATA ZUXAORAF for 26 gold pieces
  3562 | D:6      | Bought a scroll labeled KYPYNK LUPHA for 26 gold pieces
  3801 | D:3      | Noticed Sigmund
  3847 | D:3      | Killed Sigmund
  3847 | D:3      | Reached skill level 5 in Air Magic
  3856 | D:2      | Noticed Natasha
  4126 | D:1      | Reached * piety under Sif Muna
  4309 | D:2      | Found a burning altar of Makhleb.
  4396 | D:2      | Reached skill level 5 in Conjurations
  4503 | D:2      | Noticed Terence
  4514 | D:2      | Killed Terence
  4514 | D:2      | Reached skill level 5 in Spellcasting
  4674 | D:2      | Found a radiant altar of Vehumet.
  4909 | D:3      | Killed biddum's ghost
  4958 | D:3      | Reached XP level 8. HP: 52/52 MP: 0/15
  5043 | D:2      | Killed Natasha
  5158 | D:2      | Noticed Natasha
  5163 | D:2      | Killed Natasha
  5326 | D:2      | Noticed Natasha
  5329 | D:2      | Killed Natasha
  5375 | D:4      | Got an encrusted rapier
  5462 | D:4      | Found a blossoming altar of Fedhas.
  5470 | D:4      | Got a twisted dagger
  5495 | D:4      | Identified the cursed +2 rapier "Fuoggube" {flame, rF+ rN+ Stlth+} (You found it on level 4 of the Dungeon)
  5499 | D:4      | Identified the +8 dagger "Okhlewno" {venom, Dex+2} (You found it on level 4 of the Dungeon)
  5717 | D:4      | Found a bloodstained altar of Trog.
  6165 | D:5      | Reached ** piety under Sif Muna
  7179 | D:6      | Found a sparkling altar of Nemelex Xobeh.
  7286 | D:6      | Reached XP level 9. HP: 57/57 MP: 3/18
  7447 | D:7      | Reached *** piety under Sif Muna
  7725 | D:7      | Found a sparkling altar of Nemelex Xobeh.
  7761 | D:7      | Reached skill level 1 in Shields
  8464 | D:8      | Found Hauloeji's Assorted Antiques.
  8471 | D:8      | Bought a large ruby amulet for 180 gold pieces
  8553 | D:8      | HP: 2/57 [killer bee (4)]
  8910 | D:9      | Found a sacrificial altar of Ru.
  9087 | D:9      | Reached **** piety under Sif Muna
  9394 | D:9      | Reached XP level 10. HP: 63/63 MP: 2/21
  9593 | D:9      | Learned a level 2 spell: Poisonous Vapours
  9622 | D:9      | Learned a level 3 spell: Mephitic Cloud
  9790 | D:9      | Noticed a moth of wrath
  9793 | D:9      | Found a bloodstained altar of Trog.
  9800 | D:9      | Killed a moth of wrath
  9874 | D:9      | Found a shattered altar of Ashenzari.
 10375 | D:10     | Entered Level 10 of the Dungeon
 10904 | D:10     | HP: 2/63 [hornet (4)]
 10913 | D:10     | Slain by a yak

Vault maps used:
D:1:      elethiomel_arrival_shortcut
D:2:      lemuel_crystal_altar, vehumet_crystals, overflow_temple_1_default,
          first_ration, minmay_misc_feat_five, uniq_terence, uniq_natasha
D:3:      kennysheep_the_goblin_king, lemuel_crystal_altar,
          gammafunk_ghost_mausoleum, gup_sewer_entry_spiral, fedhas_altar_2,
          uniq_sigmund, uniq_grinder
D:4:      led_sif_book, kennysheep_mini_moat, marbit_many_paths,
          chequers_temple_overflow_statue_of_worship
D:6:      kennysheep_little_box, minmay_temple_entry_statues_fountains,
          serial_shops, shop
D:7:      grunt_ogre_cave, nemelex_dance_club_becter
D:8:      serial_shops, shop_statue
D:9:      evilmike_ruin_ashenzari, lemuel_round_altar, tgw_trog
D:10:     kennysheep_nub
Sewer:    sewer_frog_island_01

Skill      XL: |  1  2  3  4  5  6  7  8  9 10 |
---------------+-------------------------------+-----
Air Magic      | 3 4 5 6 7 8 |  8.6
Spellcasting   | 3 4 5 6 7 8 |  8.5
Conjurations   | 4 5 6 7 8 |  8.6
Shields        | 2 3 |  3.4
Dodging        | |  1.5
Stealth        | |  1.5

Action                   |  1- 3 |  4- 6 |  7- 9 | 10-12 || total
-------------------------+-------+-------+-------+-------++-------
Melee: Rapier            |       |       |    53 |    26 ||    79
 Fire: Hunting sling     |     2 |   103 |    91 |       ||   196
 Cast: Shock             |    38 |    64 |     9 |       ||   111
       Airstrike         |       |       |   202 |    93 ||   295
Invok: Divine Energy     |       |       |     1 |       ||     1
Evoke: Wand              |       |       |     3 |       ||     3
  Use: Scroll            |       |     5 |    13 |     3 ||    21
Armor: Robe              |     6 |    10 |       |       ||    16
       Leather armour    |       |     2 |    47 |       ||    49
       Ring mail         |       |       |       |    21 ||    21
Dodge: Dodged            |    23 |    52 |   144 |    31 ||   250
Block: Buckler           |       |       |     5 |    17 ||    22

Table legend:
 A = Spawn XP
 B = Non-spawn XP
 C = Spawn XP percentage of total XP
 D = Spawn monster count
 E = Non-spawn monster count
 F = Spawn count percentage of total count
 G = Total turns spent on level
                    A         B        C        D         E        F      G
               +---------+---------+-------+---------+---------+-------+---------
         Total |       0 |    9006 |   0.0 |       0 |     256 |   0.0 | 10913
               +---------+---------+-------+---------+---------+-------+---------
           D:1 |       0 |      32 |   0.0 |       0 |      17 |   0.0 |  1145
           D:2 |       0 |     183 |   0.0 |       0 |      20 |   0.0 |   948
           D:3 |       0 |     871 |   0.0 |       0 |      38 |   0.0 |  1204
           D:4 |       0 |     406 |   0.0 |       0 |      14 |   0.0 |  1192
           D:5 |       0 |     729 |   0.0 |       0 |      39 |   0.0 |  1137
           D:6 |       0 |     544 |   0.0 |       0 |      16 |   0.0 |   769
           D:7 |       0 |    1051 |   0.0 |       0 |      26 |   0.0 |   703
           D:8 |       0 |     987 |   0.0 |       0 |      14 |   0.0 |   911
           D:9 |       0 |    2240 |   0.0 |       0 |      38 |   0.0 |  1362
          D:10 |       0 |    1886 |   0.0 |       0 |      16 |   0.0 |   523
         Sewer |       0 |      77 |   0.0 |       0 |      18 |   0.0 |  1019
               +---------+---------+-------+---------+---------+-------+---------
